[Event "WSCC 50 Women 2017"]
[Site "?"]
[Date "2017.11.10"]
[Round "4"]
[White "Berend, Elvira"]
[Black "Kasoshvili, Tsiala"]
[Result "1-0"]
[ECO "B06"]
[WhiteElo "2292"]
[BlackElo "2097"]
[PlyCount "113"]
[EventDate "2017.??.??"]
[EventType "swiss"]
[EventCountry "ITA"]
[SourceTitle "Acqui Terme"]
[TimeControl "40/5400+30:1800+30"]
[WhiteClock "0:34:38"]
[BlackClock "0:00:47"]

1. e4 g6 2. d4 Bg7 3. Bc4 d6 4. Nf3 Nf6 5. Qe2 O-O 6. O-O c6 7. e5 Ne8 8. Bb3 Nc7 9. Ng5 d5 10. f4 f6 11. Nf3 b6 12. c4 Kh8 13. Re1 Bg4 14. cxd5 cxd5 15. h3 Be6 16. Nc3 Nc6 17. Ba4 Na5 18. Nh4 f5 19. Nf3 Bd7 20. Bc2 b5 21. a3 Nc4 22. Bd3 Rb8 23. Ng5 e6 24. Qf2 Kg8 25. Nf3 a5 26. Nd1 Qe7 27. b3 Nb6 28. Bd2 Ra8 29. Ne3 Rfc8 30. g4 Bf8 31. h4 Be8 32. h5 Nd7 33. hxg6 hxg6 34. Qg3 Bg7 35. Kf2 Nf8 36. Rh1 Ra7 37. gxf5 exf5 38. Bxf5 Rd8 39. Bd3 Nce6 40. f5 Nxd4 41. f6 Bxf6 42. exf6 Qxf6 43. Ng4 Qxf3+ 44. Qxf3 Nxf3 45. Kxf3 Bc6 46. Kg3 d4 47. Rhf1 a4 48. b4 Rd6 49. Rae1 Rb7 50. Bh6 Nh7 51. Bf4 Rd8 52. Be5 Nf8 53. Rc1 Rc8 54. Nf6+ Kf7 55. Nd7+ Ke6 56. Nxf8+ Kxe5 57. Nxg6+ 1-0

[Event "WSCC 50 Women 2017"]
[Site "?"]
[Date "2017.11.11"]
[Round "4"]
[White "Strutinskaia, Galina"]
[Black "Berend, Elvira"]
[Result "0-1"]
[ECO "A05"]
[WhiteElo "2246"]
[BlackElo "2292"]
[PlyCount "98"]
[EventDate "2017.??.??"]
[EventType "swiss"]
[EventCountry "ITA"]
[SourceTitle "Acqui Terme"]
[TimeControl "40/5400+30:1800+30"]
[WhiteClock "0:36:48"]
[BlackClock "0:07:49"]

1. Nf3 Nf6 2. c4 g6 3. Nc3 Bg7 4. d4 d6 5. e4 O-O 6. h3 e5 7. d5 a5 8. g4 Na6 9. Be3 c6 10. Be2 cxd5 11. cxd5 Nd7 12. h4 Ndc5 13. Rg1 a4 14. g5 Bd7 15. Nd2 a3 16. b3 Qa5 17. Rc1 b5 18. Kf1 Rac8 19. Rg3 Nb7 20. Ndb1 b4 21. Bxa6 Qxa6+ 22. Ne2 Rxc1 23. Bxc1 Bb5 24. f3 Nc5 25. Rg2 Rc8 26. Be3 Nd3 27. Kg1 Nb2 28. Qe1 Bd3 29. Ng3 Bc2 30. Nd2 Nd1 31. Ngf1 Nc3 32. Qa1 Bd3 33. Ng3 Qb5 34. Ndf1 Bf8 35. Nh2 Be7 36. Ng4 Bd8 37. Rd2 Bb1 38. Nf2 Bb6 39. Bxb6 Qxb6 40. Nf1 Bxa2 41. Rxa2 Nxa2 42. Qxa2 Qd4 43. Qe2 Ra8 44. Ne3 a2 45. Nc2 a1=Q+ 46. Nxa1 Rxa1+ 47. Kg2 Rb1 48. Kg3 Rb2 49. Qf1 Qe3 0-1

[Event "WSCC 50 Women 2017"]
[Site "?"]
[Date "2017.11.11"]
[Round "4"]
[White "Birkholz, Olga"]
[Black "Liu, Shilan"]
[Result "0-1"]
[ECO "A00"]
[WhiteElo "2077"]
[BlackElo "2054"]
[PlyCount "146"]
[EventDate "2017.??.??"]
[EventType "swiss"]
[EventCountry "ITA"]
[SourceTitle "Acqui Terme"]
[TimeControl "40/5400+30:1800+30"]
[WhiteClock "0:03:00"]
[BlackClock "0:40:02"]

1. g3 d5 2. Bg2 Nf6 3. b3 c5 4. Bb2 e6 5. Nf3 Nc6 6. O-O Be7 7. d3 O-O 8. Nbd2 b6 9. Re1 Bb7 10. Nf1 Qc7 11. e3 Rad8 12. N3d2 e5 13. g4 d4 14. e4 Bc8 15. h3 Ne8 16. Ng3 g6 17. Nf3 f6 18. Bc1 Rf7 19. Bh6 Nd6 20. Bd2 Be6 21. a4 Rc8 22. Qe2 Qd8 23. Nh2 Nb4 24. Rec1 Ne8 25. Nf3 Bf8 26. g5 Bg7 27. Qe1 a5 28. Qe2 Nc7 29. gxf6 Bxf6 30. Kh2 h5 31. Bxb4 cxb4 32. Qd2 Kh7 33. Rg1 h4 34. Ne2 Ne8 35. Bh1 Ng7 36. Rg5 Rxc2 37. Qxc2 Bxg5 38. Rg1 Bh6 39. Bg2 Rc7 40. Qd1 Qf6 41. Rf1 Nh5 42. Kg1 Nf4 43. Nxf4 Bxf4 44. Nd2 Bxd2 45. Qxd2 Qf4 46. Qxf4 exf4 47. e5 Rc3 48. Be4 Bxh3 49. Re1 Be6 50. Kg2 Rxb3 51. Kf3 Kh6 52. Kxf4 g5+ 53. Kf3 Rc3 54. Bb7 b3 55. Ke4 b2 56. Rb1 Rc2 57. Bd5 Bxd5+ 58. Kxd5 Kg6 59. Kd6 h3 60. e6 Re2 61. f4 gxf4 62. Rf1 b1=Q 63. Rxb1 Kf6 64. Rh1 Rxe6+ 65. Kd5 Re3 66. Kxd4 Kf5 67. Rb1 h2 68. Kc4 Rh3 69. d4 h1=Q 70. Rxh1 Rxh1 71. Kb5 Rb1+ 72. Kc6 f3 73. d5 f2 0-1

[Event "WSCC 50 Women 2017"]
[Site "?"]
[Date "2017.11.10"]
[Round "4"]
[White "Liu, Shilan"]
[Black "Strutinskaia, Galina"]
[Result "1/2-1/2"]
[ECO "B22"]
[WhiteElo "2054"]
[BlackElo "2246"]
[PlyCount "47"]
[EventDate "2017.??.??"]
[EventType "swiss"]
[EventCountry "ITA"]
[SourceTitle "Acqui Terme"]
[TimeControl "40/5400+30:1800+30"]
[WhiteClock "0:42:18"]
[BlackClock "0:40:38"]

1. e4 c5 2. c3 b6 3. d4 Bb7 4. d5 Nf6 5. Qc2 g6 6. c4 d6 7. Nc3 Bg7 8. Be2 Na6 9. Bg5 Nc7 10. Nf3 O-O 11. O-O a6 12. Rfe1 Rb8 13. Rad1 Bc8 14. e5 Nfe8 15. exd6 Nxd6 16. Bd3 Re8 17. h3 b5 18. b3 bxc4 19. bxc4 a5 20. Bf4 Bd7 21. Rb1 Qc8 22. Bxd6 exd6 23. Ne4 Qa6 24. Rxb8 1/2-1/2

[Event "WSCC 50 Women 2017"]
[Site "?"]
[Date "2017.11.11"]
[Round "4"]
[White "Lauterbach, Ingrid"]
[Black "Mednikova, Svetlana"]
[Result "1-0"]
[ECO "C00"]
[WhiteElo "2007"]
[BlackElo "2128"]
[PlyCount "113"]
[EventDate "2017.??.??"]
[EventType "swiss"]
[EventCountry "ITA"]
[SourceTitle "Acqui Terme"]
[TimeControl "40/5400+30:1800+30"]

1. e4 e6 2. d3 d5 3. Nd2 c5 4. g3 Nc6 5. Bg2 Nf6 6. Ngf3 g6 7. O-O Bg7 8. c3 O-O 9. exd5 exd5 10. Nb3 b6 11. d4 c4 12. Nbd2 Bf5 13. Re1 Re8 14. Rxe8+ Qxe8 15. Ne5 Nxe5 16. dxe5 Ne4 17. f4 Nxd2 18. Bxd2 Rd8 19. Be3 Bd3 20. Bd4 Qc6 21. Qd2 a5 22. Qe3 Bf8 23. b3 Bc5 24. bxc4 Bxd4 25. cxd4 Bxc4 26. f5 Re8 27. Qh6 Kh8 28. f6 Rg8 29. Bh3 Qe8 30. Re1 Qf8 31. Qd2 Qb4 32. Qf2 h6 33. Qe3 Kh7 34. a3 Qb3 35. Qf2 Qa2 36. Qf4 g5 37. Qf5+ Kh8 38. e6 Qd2 39. Qe5 Bd3 40. e7 Be4 41. Rxe4 dxe4 42. Qxe4 Qd1+ 43. Bf1 Re8 44. Kf2 Qd2+ 45. Be2 Qb2 46. Qd5 Qd2 47. Qd7 Kh7 48. Qf5+ Kg8 49. Qd5 Qb2 50. Qd7 Kh7 51. Qf5+ Kg8 52. Qd3 Qa1 53. Kg2 Qa2 54. Qb5 Kh7 55. Kf2 Kg6 56. Qxe8 Kxf6 57. Qd8 1-0

[Event "WSCC 50 Women 2017"]
[Site "?"]
[Date "2017.11.10"]
[Round "4"]
[White "Milligan, Helen"]
[Black "Birkholz, Olga"]
[Result "1/2-1/2"]
[ECO "B06"]
[WhiteElo "1951"]
[BlackElo "2077"]
[PlyCount "264"]
[EventDate "2017.??.??"]
[EventType "swiss"]
[EventCountry "ITA"]
[SourceTitle "Acqui Terme"]
[TimeControl "40/5400+30:1800+30"]
[WhiteClock "0:13:30"]
[BlackClock "0:03:11"]

1. e4 d6 2. d4 g6 3. Nc3 Bg7 4. Be3 Nf6 5. h3 c6 6. a4 Qa5 7. Bd3 O-O 8. Nf3 Na6 9. O-O Nb4 10. Be2 Qc7 11. a5 Bd7 12. Nd2 b6 13. Na4 b5 14. Nc3 Rab8 15. Bf3 Na6 16. Nb3 c5 17. d5 b4 18. Ne2 Bb5 19. Re1 Nd7 20. Qc1 Ne5 21. Nd2 Bd7 22. Kh2 c4 23. Nd4 Nxf3+ 24. N2xf3 Nc5 25. Bh6 b3 26. Bxg7 Kxg7 27. Re3 bxc2 28. Qxc2 Na6 29. Qc3 f6 30. Ng5 Nc5 31. Ngf3 Rfc8 32. Nd2 e5 33. dxe6 Nxe6 34. Nxe6+ Bxe6 35. Kg1 Qb7 36. Rb1 Qb4 37. Qd4 Qc5 38. Qc3 Qb4 39. Qd4 Qc5 40. Qc3 Rb4 41. Rf3 Rf8 42. Ra1 a6 43. Ra3 Rb7 44. Ra4 Qb5 45. Ra2 Rff7 46. Nf1 Qc5 47. Nd2 Rb8 48. Ra4 Qb5 49. Ra2 d5 50. exd5 Qxd5 51. Ra4 Rd8 52. Nf1 Qd1 53. Qa3 Bf5 54. Qa1 Bc2 55. Raa3 Bb3 56. Kh2 Qe2 57. Ng3 Qc2 58. Qe1 Qxb2 59. Ra1 Bc2 60. Rc1 Bd3 61. Re3 Rb8 62. Re7 Qb4 63. Rxf7+ Kxf7 64. Qe3 Qe7 65. Qd4 Rd8 66. Qb6 Qd6 67. Qe3 Qd4 68. Qh6 Kg8 69. Re1 Qd6 70. Qd2 Rb8 71. Kg1 Qb4 72. Qe3 Qxe1+ 73. Qxe1 Rb1 74. Qxb1 Bxb1 75. Kf1 Kf7 76. Ke1 Ke6 77. Kd2 Kd5 78. Kc3 Kc5 79. Ne2 Bd3 80. Nf4 Bf1 81. h4 Kb5 82. Nd5 Bxg2 83. Nxf6 h5 84. f4 Bh3 85. Nd5 Kxa5 86. Ne7 Bf5 87. Kxc4 Kb6 88. Nd5+ Kc6 89. Nb4+ Kb7 90. Kc5 a5 91. Nd5 a4 92. Kb4 Kc6 93. Ne3 a3 94. Kxa3 Kc5 95. Kb2 Kd4 96. Ng2 Bh3 97. Ne1 Ke4 98. Kc2 Kxf4 99. Kd2 Kg4 100. Ke3 Kxh4 101. Nf3+ Kg4 102. Kf2 Kf5 103. Kg3 Bf1 104. Kh4 Ba6 105. Ng5 Bb7 106. Nh7 Bd5 107. Ng5 Ke5 108. Nh7 Bg8 109. Ng5 Kf5 110. Nf3 Kf4 111. Ng5 Bc4 112. Nh3+ Ke5 113. Ng5 Bd3 114. Nh7 Kf4 115. Ng5 Bf1 116. Ne6+ Ke5 117. Ng5 Bg2 118. Nf7+ Kf6 119. Ng5 Kg7 120. Ne6+ Kf6 121. Ng5 Bd5 122. Nh7+ Ke5 123. Ng5 Be6 124. Nf3+ Kf4 125. Ng5 Bf5 126. Nf7 Bg4 127. Ng5 Kf5 128. Nh7 Ke6 129. Ng5+ Ke7 130. Ne4 Ke6 131. Ng5+ Ke7 132. Ne4 Ke6 1/2-1/2

[Event "WSCC 50 Women 2017"]
[Site "?"]
[Date "2017.11.14"]
[Round "6"]
[White "Berend, Elvira"]
[Black "Lauterbach, Ingrid"]
[Result "1-0"]
[ECO "C74"]
[WhiteElo "2292"]
[BlackElo "2007"]
[PlyCount "159"]
[EventDate "2017.??.??"]
[EventType "swiss"]
[EventCountry "ITA"]
[SourceTitle "Acqui Terme"]
[TimeControl "40/5400+30:1800+30"]
[WhiteClock "0:04:37"]
[BlackClock "0:04:05"]

1. e4 e5 2. Nf3 Nc6 3. Bb5 a6 4. Ba4 d6 5. c3 b5 6. Bc2 Nge7 7. d4 Bb7 8. a4 Ng6 9. d5 Nb8 10. Bd3 bxa4 11. Qxa4+ Nd7 12. g3 Be7 13. O-O O-O 14. Qd1 Nc5 15. Bc2 a5 16. Be3 c6 17. c4 Na6 18. Qd2 Nb4 19. Bd1 cxd5 20. cxd5 Ba6 21. Be2 Bxe2 22. Qxe2 f5 23. exf5 Rxf5 24. Nc3 Qf8 25. Nd2 Nc2 26. Ra4 Nxe3 27. Qxe3 Bg5 28. Qe2 Bxd2 29. Qxd2 Rf3 30. Rfa1 Qf5 31. Ne4 Rf8 32. Re1 Ra8 33. Rxa5 Rxa5 34. Qxa5 Qg4 35. Qd8+ Rf8 36. Qg5 Qf3 37. h4 Qb3 38. h5 Qb4 39. Re3 Nh8 40. h6 Ng6 41. Qg4 Qxb2 42. Qe6+ Rf7 43. hxg7 Kxg7 44. Qxd6 Ne7 45. Qd8 h6 46. Qa5 Nf5 47. Qc3 Qb8 48. Re1 Nd4 49. Kg2 Qb7 50. Qc5 Qd7 51. d6 Qf5 52. f4 exf4 53. Qxd4+ Kg6 54. Nd2 f3+ 55. Kf2 Qh3 56. Qe4+ Kg7 57. Qe5+ Kg8 58. Nxf3 Qh2+ 59. Ke3 Qc2 60. Nd2 Qa4 61. Ra1 Qc6 62. Rb1 Rf8 63. Ne4 Qa8 64. Qe6+ Kg7 65. Qe7+ Rf7 66. Qe5+ Kg8 67. Rc1 Qa3+ 68. Qc3 Qa7+ 69. Qc5 Qa2 70. Qc8+ Rf8 71. Qc4+ Qxc4 72. Rxc4 Kf7 73. Rc7+ Ke6 74. Rh7 Rg8 75. Kd4 Ra8 76. Rxh6+ Kd7 77. Nc5+ Kc6 78. d7+ Kc7 79. Re6 Ra1 80. Re8 1-0

[Event "WSCC 50 Women 2017"]
[Site "?"]
[Date "2017.11.14"]
[Round "6"]
[White "Strutinskaia, Galina"]
[Black "Kasoshvili, Tsiala"]
[Result "1-0"]
[ECO "A41"]
[WhiteElo "2246"]
[BlackElo "2097"]
[PlyCount "191"]
[EventDate "2017.??.??"]
[EventType "swiss"]
[EventCountry "ITA"]
[SourceTitle "Acqui Terme"]
[TimeControl "40/5400+30:1800+30"]

1. d4 g6 2. c4 Bg7 3. Nc3 d6 4. Nf3 Nd7 5. e4 c6 6. Be2 e5 7. Be3 Ngf6 8. O-O O-O 9. h3 h6 10. Qc2 exd4 11. Nxd4 Re8 12. Rfe1 Nc5 13. Bf3 Qe7 14. Rad1 Kh7 15. Bf4 Ncd7 16. b3 Ne5 17. Be2 Nfd7 18. Bc1 Nc5 19. b4 Ne6 20. Nb3 Qf6 21. c5 dxc5 22. bxc5 Nf4 23. Qd2 Nxe2+ 24. Qxe2 Nf3+ 25. Qxf3 Qxf3 26. gxf3 Bxc3 27. Re3 Be5 28. Red3 Bc7 29. Rd7 Bxd7 30. Rxd7 Rac8 31. Rxf7+ Kg8 32. Rd7 Red8 33. Re7 g5 34. Bb2 Re8 35. Rg7+ Kf8 36. Rh7 a5 37. a4 Kg8 38. Rh8+ Kf7 39. Rxh6 b6 40. Rh7+ Kf8 41. cxb6 Bxb6 42. Nd2 Rcd8 43. Nc4 Bd4 44. Bc1 Bf6 45. Be3 Kg8 46. Rc7 Re6 47. Kg2 Rb8 48. Nxa5 Rb4 49. Nb7 Be7 50. a5 Ra4 51. Bc5 Bf6 52. Bb6 Ra2 53. Rd7 Be7 54. Be3 Kf8 55. Rc7 Ke8 56. Bb6 Bb4 57. Rc8+ Kd7 58. Rd8+ Ke7 59. Rg8 Bd2 60. Ra8 Re5 61. Nd8 Rb5 62. Ra7+ Kd6 63. Nf7+ Ke6 64. Nd8+ Kd6 65. Rg7 Bxa5 66. Nb7+ Ke6 67. Bxa5 Raxa5 68. Nxa5 Rxa5 69. Kg3 Rb5 70. f4 gxf4+ 71. Kxf4 c5 72. Rg5 Kd6 73. h4 Rb2 74. Rg6+ Kd7 75. Ke3 Rb3+ 76. Kf4 c4 77. h5 Rh3 78. f3 Rxh5 79. Ke3 Rh2 80. Kd4 Rf2 81. Rf6 Rc2 82. f4 c3 83. e5 Rc1 84. Kd3 Ke7 85. Rc6 Re1 86. Rxc3 Ke6 87. Rc6+ Kd7 88. Ra6 Ke7 89. Kd4 Re2 90. Kd5 Kf7 91. Ra7+ Kg6 92. Ke6 Rf2 93. Rf7 Ra2 94. f5+ Kh6 95. Rd7 Kg5 96. f6 1-0

[Event "WSCC 50 Women 2017"]
[Site "?"]
[Date "2017.11.14"]
[Round "6"]
[White "Liu, Shilan"]
[Black "Bogumil, Tatiana"]
[Result "0-1"]
[ECO "B06"]
[WhiteElo "2054"]
[BlackElo "2124"]
[PlyCount "112"]
[EventDate "2017.??.??"]
[EventType "swiss"]
[EventCountry "ITA"]
[SourceTitle "Acqui Terme"]
[TimeControl "40/5400+30:1800+30"]
[WhiteClock "0:26:33"]
[BlackClock "0:09:44"]

1. e4 g6 2. d4 Bg7 3. Nf3 d6 4. Nc3 c6 5. a4 a5 6. Be2 Nf6 7. O-O O-O 8. Be3 h6 9. h3 Na6 10. Nd2 Nd7 11. f4 c5 12. d5 Nb6 13. Nc4 Nxc4 14. Bxc4 Kh7 15. Qd2 Qb6 16. Nb5 Nc7 17. c3 Bd7 18. Ra3 Nxb5 19. Bxb5 Bxb5 20. Rb3 Qc7 21. Rxb5 b6 22. c4 Qd7 23. Rf3 Rab8 24. f5 Qe8 25. Bf2 Be5 26. Qc2 f6 27. Rfb3 gxf5 28. exf5 Qh5 29. Qd3 Rg8 30. Qf3 Qg5 31. Be3 Qh4 32. g4 Qe1+ 33. Kg2 Qb1 34. Bf2 Qa1 35. Rxb6 Rxb6 36. Rxb6 Qxa4 37. b3 Qa2 38. Rb7 Rg7 39. Kf1 a4 40. g5 Qb1+ 41. Be1 fxg5 42. f6 Bxf6 43. b4 Rf7 44. Ke2 Qc2+ 45. Bd2 Qxc4+ 46. Qd3+ Qxd3+ 47. Kxd3 cxb4 48. Bxb4 Kg6 49. Ra7 Be5 50. Rxa4 Rf3+ 51. Ke2 Rxh3 52. Be1 Rb3 53. Ra7 Bf6 54. Ra2 Kf5 55. Kf1 Rd3 56. Rh2 Ke5 0-1

[Event "WSCC 50 Women 2017"]
[Site "?"]
[Date "2017.11.15"]
[Round "7"]
[White "Bogumil, Tatiana"]
[Black "Strutinskaia, Galina"]
[Result "1/2-1/2"]
[ECO "B90"]
[WhiteElo "2124"]
[BlackElo "2246"]
[PlyCount "20"]
[EventDate "2017.??.??"]
[EventType "swiss"]
[EventCountry "ITA"]
[SourceTitle "Acqui Terme"]
[TimeControl "40/5400+30:1800+30"]
[WhiteClock "1:04:02"]
[BlackClock "1:21:52"]

1. e4 c5 2. Nf3 d6 3. d4 Nf6 4. Nc3 cxd4 5. Nxd4 a6 6. a4 e5 7. Nb3 Be7 8. Bg5 Nbd7 9. Be2 O-O 10. O-O Qc7 1/2-1/2

[Event "WSCC 50 Women 2017"]
[Site "?"]
[Date "2017.11.15"]
[Round "7"]
[White "Kasoshvili, Tsiala"]
[Black "Liu, Shilan"]
[Result "0-1"]
[ECO "A40"]
[WhiteElo "2097"]
[BlackElo "2054"]
[PlyCount "110"]
[EventDate "2017.??.??"]
[EventType "swiss"]
[EventCountry "ITA"]
[SourceTitle "Acqui Terme"]
[TimeControl "40/5400+30:1800+30"]

1. d4 e6 2. Nf3 Nf6 3. g3 d5 4. Bg2 c5 5. O-O cxd4 6. Nxd4 e5 7. Nb3 Be6 8. c3 Be7 9. Be3 O-O 10. Bc5 Nc6 11. a4 Rc8 12. Na3 b6 13. Bxe7 Qxe7 14. Nc1 Rfd8 15. Nd3 e4 16. Nf4 d4 17. Nxe6 Qxe6 18. Qc1 Na5 19. Qc2 d3 20. exd3 exd3 21. Qd1 Nb3 22. Rb1 d2 23. Bf3 h5 24. Qe2 Qf5 25. Qb5 Qxf3 26. Qxb3 h4 27. Qd1 Qc6 28. Nc2 h3 29. f3 Qxa4 30. Rf2 b5 31. Rxd2 Rxd2 32. Qxd2 Qa2 33. Qd1 Qc4 34. Qf1 Qc5+ 35. Qf2 Qf5 36. Rd1 a5 37. Nd4 Qc5 38. Ne2 Qf5 39. Nd4 Qd7 40. Re1 b4 41. cxb4 axb4 42. g4 g6 43. Nc2 Nxg4 44. Qd4 Qf5 45. Nxb4 Qxf3 46. Qd2 Nf6 47. Nd3 Qg4+ 48. Kh1 Rd8 49. Re3 Ne4 50. Qc2 Rd5 51. Ne1 Rf5 52. Qc8+ Kg7 53. Rf3 Qh4 54. Qc1 Rxf3 55. Nxf3 Qf2 0-1

[Event "WSCC 50 Women 2017"]
[Site "?"]
[Date "2017.11.15"]
[Round "7"]
[White "Xu, Yaping"]
[Black "Berend, Elvira"]
[Result "0-1"]
[ECO "B22"]
[WhiteElo "2081"]
[BlackElo "2292"]
[PlyCount "56"]
[EventDate "2017.??.??"]
[EventType "swiss"]
[EventCountry "ITA"]
[SourceTitle "Acqui Terme"]
[TimeControl "40/5400+30:1800+30"]
[WhiteClock "0:23:16"]
[BlackClock "0:43:45"]

1. e4 c5 2. c3 d5 3. exd5 Qxd5 4. d4 e6 5. Nf3 Nf6 6. Bd3 Be7 7. c4 Qd8 8. dxc5 Bxc5 9. O-O O-O 10. Bg5 Be7 11. Nc3 Nbd7 12. Qe2 h6 13. Bh4 Nh5 14. Bxe7 Qxe7 15. Qe4 f5 16. Qh4 Qxh4 17. Nxh4 Ne5 18. Rfd1 g5 19. Nf3 Nxf3+ 20. gxf3 b6 21. Nb5 Nf4 22. Bf1 a6 23. Nd6 Rd8 24. Rac1 Rb8 25. c5 bxc5 26. Rxc5 Bb7 27. b4 Bxf3 28. Rd4 Bd5 0-1

[Event "WSCC 50 Women 2017"]
[Site "?"]
[Date "2017.11.17"]
[Round "8"]
[White "Makropoulou, Marina"]
[Black "Berend, Elvira"]
[Result "1-0"]
[ECO "B46"]
[WhiteElo "2146"]
[BlackElo "2292"]
[PlyCount "117"]
[EventDate "2017.??.??"]
[EventType "swiss"]
[EventCountry "ITA"]
[SourceTitle "Acqui Terme"]
[TimeControl "40/5400+30:1800+30"]
[WhiteClock "0:24:15"]
[BlackClock "0:04:30"]

1. e4 c5 2. Nf3 e6 3. d4 cxd4 4. Nxd4 Nc6 5. Nc3 a6 6. Nxc6 bxc6 7. Bd3 d5 8. O-O Nf6 9. Qf3 Be7 10. Qg3 O-O 11. Bh6 Ne8 12. Bf4 Bh4 13. Qf3 Bg5 14. Rfe1 Bxf4 15. Qxf4 Nf6 16. Rad1 a5 17. Ne2 dxe4 18. Bxe4 Qb6 19. b3 a4 20. Qf3 axb3 21. axb3 Nxe4 22. Qxe4 Bb7 23. Nf4 c5 24. Qe5 Bc8 25. h3 Ra7 26. Rd6 Qc7 27. Red1 Rb7 28. Nd3 c4 29. Nc5 Qa5 30. Ra1 Qb5 31. bxc4 Qb2 32. Qxb2 Rxb2 33. Ra8 e5 34. Nd3 Rxc2 35. Nxe5 f6 36. Rc6 fxe5 37. Rcxc8 Rxc8 38. Rxc8+ Kf7 39. Rc7+ Kf6 40. c5 Rc1+ 41. Kh2 e4 42. c6 h5 43. h4 Rc3 44. Rc8 Kf5 45. c7 Kg6 46. g3 Rc2 47. Kg1 Rc1+ 48. Kg2 Kf7 49. g4 hxg4 50. Kg3 Ke6 51. Re8+ Kd7 52. c8=Q+ Rxc8 53. Rxc8 Kxc8 54. Kxg4 Kd7 55. Kf5 Ke7 56. Kxe4 Kf6 57. Kf4 Kg6 58. Kg4 Kh6 59. h5 1-0

[Event "WSCC 50 Women 2017"]
[Site "?"]
[Date "2017.11.17"]
[Round "8"]
[White "Liu, Shilan"]
[Black "Burchardt, Brigitte"]
[Result "0-1"]
[ECO "B92"]
[WhiteElo "2054"]
[BlackElo "2173"]
[PlyCount "88"]
[EventDate "2017.??.??"]
[EventType "swiss"]
[EventCountry "ITA"]
[SourceTitle "Acqui Terme"]
[TimeControl "40/5400+30:1800+30"]

1. e4 c5 2. Nf3 d6 3. d4 cxd4 4. Nxd4 Nf6 5. Nc3 a6 6. Be2 e5 7. Nf3 Be7 8. Bg5 Nbd7 9. Nd2 O-O 10. a4 Nc5 11. Bxf6 Bxf6 12. Nc4 Be7 13. b4 Nxe4 14. Nd5 Be6 15. Ra3 Bxd5 16. Qxd5 Nf6 17. Qd2 d5 18. Nxe5 a5 19. c3 Ne4 20. Qd4 Qd6 21. O-O Bf6 22. f4 Rfe8 23. Kh1 Rxe5 24. fxe5 Bxe5 25. Qg1 Bxh2 26. Qxh2 Ng3+ 27. Qxg3 Qxg3 28. Bf3 Ra6 29. Raa1 g5 30. Rae1 g4 31. Re8+ Kg7 32. Bxd5 Rh6+ 33. Kg1 Qh2+ 34. Kf2 Rf6+ 35. Ke2 Rxf1 36. Kxf1 Qf4+ 37. Ke2 axb4 38. Re4 Qf5 39. c4 b3 40. Kd3 b2 41. Kc2 Qf2+ 42. Kb1 Qd2 43. Rxg4+ Kf8 44. Be4 Qd1+ 0-1

[Event "WSCC 50 Women 2017"]
[Site "?"]
[Date "2017.11.17"]
[Round "8"]
[White "Lauterbach, Ingrid"]
[Black "Strutinskaia, Galina"]
[Result "1/2-1/2"]
[ECO "B31"]
[WhiteElo "2007"]
[BlackElo "2246"]
[PlyCount "28"]
[EventDate "2017.??.??"]
[EventType "swiss"]
[EventCountry "ITA"]
[SourceTitle "Acqui Terme"]
[TimeControl "40/5400+30:1800+30"]
[WhiteClock "0:54:23"]
[BlackClock "1:00:23"]

1. e4 c5 2. Nf3 Nc6 3. Bb5 g6 4. O-O Bg7 5. c3 Nf6 6. Re1 O-O 7. a4 d6 8. d4 cxd4 9. cxd4 Bg4 10. Bxc6 bxc6 11. h3 Bxf3 12. Qxf3 Qb6 13. e5 Nd5 14. exd6 exd6 1/2-1/2

[Event "WSCC 50 Women 2017"]
[Site "?"]
[Date "2017.11.18"]
[Round "9"]
[White "Strutinskaia, Galina"]
[Black "Makropoulou, Marina"]
[Result "0-1"]
[ECO "D00"]
[WhiteElo "2246"]
[BlackElo "2146"]
[PlyCount "102"]
[EventDate "2017.??.??"]
[EventType "swiss"]
[EventCountry "ITA"]
[SourceTitle "Acqui Terme"]
[TimeControl "40/5400+30:1800+30"]
[WhiteClock "0:51:30"]
[BlackClock "0:02:42"]

1. d4 d5 2. Bf4 e6 3. e3 Nf6 4. Nf3 Bd6 5. Bg3 Ne4 6. Bxd6 cxd6 7. c4 O-O 8. Nc3 Qa5 9. Qb3 dxc4 10. Bxc4 Nc6 11. O-O Nxc3 12. Qxc3 Bd7 13. Rac1 Rac8 14. a3 b5 15. Be2 b4 16. axb4 Nxb4 17. Qd2 Qb6 18. Rc3 a5 19. e4 h6 20. Rfc1 Na2 21. Rxc8 Rxc8 22. Rxc8+ Bxc8 23. Bd3 Bb7 24. h4 Kf8 25. Qf4 Ke7 26. Qd2 Nb4 27. Bb1 Ba6 28. Qc3 Qc6 29. Nd2 Kd7 30. f4 Qb6 31. Kh2 Nc6 32. Nf3 Qb4 33. Kg3 Be2 34. d5 exd5 35. Qxg7 Bxf3 36. Qxf7+ Ne7 37. Kxf3 Qb3+ 38. Kg4 Qd1+ 39. Kh3 Qxb1 40. f5 Qh1+ 41. Kg3 Qe1+ 42. Kh3 Qxe4 43. f6 d4 44. g4 Qf3+ 45. Kh2 Qf4+ 46. Kh3 Qe3+ 47. Kg2 Qe2+ 48. Kg3 Qe5+ 49. Kf2 Qh2+ 50. Kf3 Qh3+ 51. Kf4 Qe3# 0-1

[Event "WSCC 50 Women 2017"]
[Site "?"]
[Date "2017.11.18"]
[Round "9"]
[White "Lauterbach, Ingrid"]
[Black "Bogumil, Tatiana"]
[Result "1/2-1/2"]
[ECO "C00"]
[WhiteElo "2007"]
[BlackElo "2124"]
[PlyCount "152"]
[EventDate "2017.??.??"]
[EventType "swiss"]
[EventCountry "ITA"]
[SourceTitle "Acqui Terme"]
[TimeControl "40/5400+30:1800+30"]

1. e4 e6 2. d3 d5 3. Nd2 c5 4. Ngf3 Nc6 5. g3 g6 6. Bg2 Bg7 7. O-O Nge7 8. c3 O-O 9. exd5 Nxd5 10. Nb3 b6 11. d4 Ba6 12. Re1 cxd4 13. Nbxd4 Nxd4 14. Nxd4 Qd7 15. a4 h6 16. Qb3 Rad8 17. Nb5 g5 18. Rd1 Qe7 19. Bd2 Be5 20. c4 Bxb5 21. axb5 Nf6 22. Bb4 Bd6 23. Bxd6 Rxd6 24. Rxd6 Qxd6 25. Rxa7 Rd8 26. Ra8 Rxa8 27. Bxa8 Ng4 28. Bf3 Ne5 29. Qc3 g4 30. Be2 f5 31. b4 Nd7 32. Qd3 Qxd3 33. Bxd3 Kf7 34. Kf1 Kf6 35. Ke2 Ke5 36. Ke3 Nf6 37. Bc2 Nd7 38. Bb1 Nf6 39. Bd3 Nd7 40. Bf1 Kd6 41. Bg2 e5 42. Bb7 Kc7 43. Bc6 Nf8 44. Bd5 Kd6 45. Bf7 Ke7 46. Bg8 Kd6 47. Bd5 Nd7 48. Bb7 Kc7 49. Bc6 Nf8 50. c5 Ne6 51. cxb6+ Kxb6 52. Kd3 Ng5 53. Bd7 f4 54. gxf4 exf4 55. Bxg4 Kxb5 56. h4 Nf7 57. Ke4 Kxb4 58. Kxf4 Kc5 59. Be6 Nd8 60. Ke5 Nc6+ 61. Kf6 Kd6 62. Bc4 Ne5 63. Be2 Nd7+ 64. Kg7 Ke5 65. Kxh6 Kf6 66. Kh7 Nf8+ 67. Kg8 Ne6 68. h5 Kg5 69. Kh7 Nf8+ 70. Kg8 Ne6 71. Kh7 Nf8+ 72. Kg8 Ne6 73. Kf7 Nf4 74. Bf3 Nxh5 75. Ke6 Nf4+ 76. Ke5 Nd3+ 1/2-1/2